 Dungeon Crawl Stone Soup version 0.28.0 (webtiles) character file.

Game seed: 2706043669157344332

621850 Majang the Impregnable (level 27, -7/396 HPs)
             Began as a Minotaur Berserker on Feb 7, 2022.
             Was the Champion of the Shining One.
             Mangled by a Killer Klown (25 damage)
             ... on level 5 of the Realm of Zot on Feb 8, 2022.
             The game lasted 08:02:12 (91018 turns).

Majang the Impregnable (Minotaur Berserker)        Turns: 91018, Time: 08:02:13

Health: -7/396     AC:  0    Str: 27 (28) XL:     27
Magic:  1/33       EV: 27    Int:  2      God:    the Shining One [******]
Gold:   9153       SH:  0    Dex: 14 (15) Spells: 26/26 levels left

rFire   + . .      SeeInvis +   (weapon currently unavailable)
rCold   + + +      Faith    .   (shield currently unavailable)
rNeg    + + +      Spirit   .   (armour currently unavailable)
rPois   .          Reflect  .   (helmet currently unavailable)
rElec   .          Harm     .   (cloak currently unavailable)
rCorr   .          Rampage  .   (gloves currently unavailable)
Will    ++...      Rage     3%  (boots currently unavailable)
Stlth   ..........              R - amulet "Oxziuk" {rF+ rC+++ Regen+ Str-5 SInv}
HPRegen 1.56/turn               (ring currently unavailable)
MPRegen 0.23/turn               (ring currently unavailable)

@: berserking, pig-form, glowing, studying 3 skills, unable to read, very quick
A: fast, no casting, small, (horns 2), (retaliatory headbutt), agile 1, berserk
2, dopey 1, low MP 1, (poison resistance), screaming 1, wild magic 1, no potion
heal 1, inability to read while threatened, devolution 1
0: Orb of Zot
}: 3/15 runes: decaying, slimy, gossamer
a: Renounce Religion, Divine Shield, Cleansing Flame, Summon Divine Warrior


You were on level 5 of the Realm of Zot.
You worshipped the Shining One.
The Shining One was exalted by your worship.
You were a filthy swine.
You visited 13 branches of the dungeon, and saw 57 of its levels.
You also visited: Ossuary, Gauntlet and Ice Cave.

You collected 10958 gold pieces.
You spent 1805 gold pieces at shops.

Inventory:

Hand Weapons
 a - a +9 battleaxe of freezing (melded)
 b - a +9 executioner's axe of holy wrath
 C - a +4 broad axe of flaming
 N - a +3 longbow of freezing
 Q - the +6 shortbow of Turob {speed, Int+5}
   (You found it on level 2 of the Depths)

   Attacks with this weapon are significantly faster.
   Int:       It affects your intelligence (+5).
Missiles
 f - 939 arrows
Armour
 i - the +3 pair of gauntlets of War (melded) {Slay+5}
   (You acquired it on level 1 of the Depths)

   Slay:      It affects your accuracy & damage with ranged weapons and melee
   (+5).
 o - +7 storm dragon scales (melded)
 F - a +2 cloak of preservation (melded)
 O - a scarf of repulsion
 S - the +9 plate armour of Erusm {rC- Will+ Dex+5}
   (You found it on level 4 of the Vaults)

   Dex:       It affects your dexterity (+5).
   rC:        It makes you vulnerable to cold.
   Will:      It increases your willpower.
 T - the +0 pair of boots of Nadanoom (melded) {rCorr Dex-2 Stlth+}
   (You found it on level 3 of the Spider Nest)

   Dex:       It affects your dexterity (-2).
   rCorr:     It protects you from acid and corrosion.
   Stlth:     It makes you more stealthy.
 U - a +2 hat of willpower (melded)
 Y - the +1 pair of gloves of Exclusion {rN+ Int+3}
   (You found it on level 4 of the Spider Nest)

   Int:       It affects your intelligence (+3).
   rN:        It protects you from negative energy.
Jewellery
 l - an amulet of regeneration
 v - the ring "Giud" (melded) {*Slow rF++ rC+ Will+ SInv}
   (You acquired it on level 6 of the Lair of Beasts)

   [ring of willpower]

   rF:        It greatly protects you from fire.
   rC:        It protects you from cold.
   SInv:      It lets you see invisible.
   *Slow:     It may slow you when you take damage.
   Will:      It increases your willpower.
 y - the ring of Tyaxupra {rPois rF+}
   (You bought it in a shop on level 2 of the Orcish Mines)

   [ring of poison resistance]

   rF:        It protects you from fire.
   rPois:     It protects you from poison.
 M - a +6 ring of intelligence (melded)
 R - the amulet "Oxziuk" (around neck) {rF+ rC+++ Regen+ Str-5 SInv}
   (You found it in a Gauntlet)

   [amulet of regeneration]

   Str:       It affects your strength (-5).
   rF:        It protects you from fire.
   rC:        It renders you almost immune to cold.
   SInv:      It lets you see invisible.
   Regen:     It increases your rate of health regeneration.
Wands
 e - a wand of charming (7)
 h - a wand of iceblast (43)
 G - a wand of acid (37)
 K - a wand of digging (13)
Scrolls
 d - a scroll of holy word
 q - 4 scrolls of magic mapping
 r - a scroll of summoning
 s - 10 scrolls of teleportation
 t - 13 scrolls of fog
 B - 14 scrolls of immolation
 E - a scroll of silence
 I - 7 scrolls of fear
Potions
 g - 9 potions of haste
 j - a potion of resistance
 k - 24 potions of curing
 m - 6 potions of mutation
 n - 6 potions of cancellation
 p - 7 potions of lignification
 u - 3 potions of attraction
 w - a potion of heal wounds
 z - 12 potions of ambrosia
 P - 7 potions of flight
 V - a potion of berserk rage
 W - 7 potions of might
Miscellaneous
 x - a lightning rod (4/4)
 J - a tin of tremorstones (2/2)


   Skills:
 + Level 24.9 Fighting
 - Level 26.1 Axes
 - Level 22.0 Bows
 + Level 26.3 Armour
 + Level 22.9 Dodging
 * Level 21.8 Invocations


You had 26 spell levels left.
You didn't know any spells.
Your spell library contained the following spells:

 Spells                   Type           Power      Damage    Failure   Level
 Freeze                   Ice            0%         1d3       63%         1
 Magic Dart               Conj           0%         1d3       63%         1
 Pain                     Necr           0%         1d4       63%         1
 Sting                    Tmut/Pois      0%         1d3       63%         1
 Ensorcelled Hibernation  Hex/Ice        0%         N/A       77%         2
 Passwall                 Tmut/Erth      0%         N/A       77%         2
 Searing Ray              Conj           0%         2d4       77%         2
 Sublimation of Blood     Necr           0%         N/A       77%         2
 Conjure Flame            Conj/Fire      0%         6-21      93%         3
 Frozen Ramparts          Ice            0%         1d2       93%         3
 Ignite Poison            Fire/Tmut/Pois 0%         N/A       93%         3
 Mephitic Cloud           Conj/Pois/Air  0%         N/A       93%         3
 Portal Projectile        Hex/Tloc       0%         N/A       93%         3
 Spider Form              Tmut/Pois      0%         N/A       93%         3
 Stone Arrow              Conj/Erth      0%         3d7       93%         3
 Swiftness                Air            0%         N/A       93%         3
 Tukima's Dance           Hex            0%         N/A       93%         3
 Vampiric Draining        Necr           0%         2d6       93%         3
 Animate Armour           Summ/Erth      0%         N/A       100%        4
 Fulminant Prism          Conj/Hex       0%         3d6       100%        4
 Hailstorm                Conj/Ice       0%         3d3       100%        4
 Ice Form                 Ice/Tmut       0%         N/A       100%        4
 Leda's Liquefaction      Hex/Erth       0%         N/A       100%        4
 Passage of Golubria      Tloc           0%         N/A       100%        4
 Petrify                  Tmut/Erth      0%         N/A       100%        4
 Sticky Flame             Conj/Fire      0%         2d3       100%        4
 Agony                    Necr           0%         N/A       100%        5
 Blade Hands              Tmut           0%         N/A       100%        5
 Borgnjor's Vile Clutch   Necr/Erth      0%         N/A       100%        5
 Excruciating Wounds      Necr           0%         N/A       100%        5
 Freezing Cloud           Conj/Ice/Air   0%         6-21      100%        5
 Irradiate                Conj/Tmut      0%         3d14      100%        5
 Lee's Rapid Deconstruct  Erth           0%         3d5*      100%        5
 Yara's Violent Unravell  Hex/Tmut       0%         3d3       100%        5
 Death Channel            Necr           0%         N/A       100%        6
 Iron Shot                Conj/Erth      0%         9d1       100%        6
 Simulacrum               Ice/Necr       0%         N/A       100%        6
 Statue Form              Tmut/Erth      0%         N/A       100%        6
 Dragon Form              Tmut           0%         N/A       100%        7
 Orb of Destruction       Conj           0%         9d5       100%        7
 Infestation              Necr           0%         N/A       100%        8
 Lehudib's Crystal Spear  Conj/Erth      0%         10d2      100%        8
 Necromutation            Tmut/Necr      0%         N/A       100%        8
 Fire Storm               Conj/Fire      0%         5d1       100%        9
 Shatter                  Erth           0%         3d5*      100%        9


Dungeon Overview and Level Annotations

Branches:
Dungeon (15/15)            Temple (1/1) D:6            Lair (6/6) D:10
  Swamp (4/4) Lair:4       Spider (4/4) Lair:2        Slime (5/5) Lair:5
    Orc (2/2) D:12            Elf (3/3) Orc:2        Vaults (4/5) D:14
  Crypt (3/3) Vaults:2       Tomb (0/3) Crypt:3      Depths (4/4) D:15
   Hell (visited)             Dis (0/7) Hell            Geh (0/7) Hell
    Coc (0/7) Hell            Tar (0/7) Hell            Zot (5/5) Depths:4
Ossuary (visited)           IceCv (visited)         Gauntlet (visited)

Altars:
Ashenzari
Cheibriados
Dithmenos
Elyvilon
Fedhas
Gozag
Hepliaklqana
Kikubaaqudgha
Makhleb
Nemelex Xobeh
Okawaru
Qazlal
Ru
Sif Muna
Trog
Uskayaw
Vehumet
Wu Jian
Xom
Yredelemnul
Zin
The Shining One
Beogh
Jiyva
Lugonu

Shops:
D:2 *   D:11 *:(   Orc:2 (==?:   Elf:3 [   Vaults:4 (?

Portals:
Hell: Depths:1 Depths:2 Depths:3 Depths:4
Abyss: Depths:3
Pandemonium: Depths:2
Ziggurat: Depths:3


Innate Abilities, Weirdness & Mutations

You are a filthy swine.
You move quickly.
Your equipment is almost entirely melded.
You are incapable of wielding weapons or throwing items.
You cannot cast spells.
((You have a pair of horns on your head.))
((You reflexively headbutt those who attack you in melee.))
You are agile. (Dex +2)
You often lose your temper in combat.
You are dopey. (Int -2)
Your magical capacity is low. (-10% MP)
((Your system is resistant to poisons. (rPois)))
You occasionally shout uncontrollably at your foes.
Your spells are a little harder to cast, but a little more powerful.
Potions are less effective at restoring your health.
You sometimes lose the ability to read scrolls when taking damage.
You have hidden genetic defects.


Message History

The Killer Klown is lightly wounded.
The Killer Klown barely misses you.
The moth of wrath goads the Orb Guardian on!
The Orb Guardian goes berserk!
The orb of fire glows red.
Strange energies course through your body.
You feel less energetic. The ghost moth stares at you.
You feel your power leaking away. The ghost moth completely misses you.
The ghost moth misses you. x2
The electric golem blinks!
You barely miss the Killer Klown.
The Killer Klown is lightly wounded.
Unknown command.
You barely miss the Killer Klown.
The Killer Klown is lightly wounded.
The Killer Klown pinches you with a +11 club of electrocution!!
* * * LOW HITPOINT WARNING * * *
The dread lich gestures wildly while chanting.
The dread lich seems to speed up.
The Killer Klown barely misses you.
The electric golem blinks!
You maul the Killer Klown!!
The Killer Klown is moderately wounded.
The ghost moth hits you!
* * * LOW HITPOINT WARNING * * *
You feel clumsy. The ghost moth hits you!!
* * * LOW HITPOINT WARNING * * *
You feel weakened. The ghost moth completely misses you.
An Orb Guardian comes into view.
You closely miss the Killer Klown.
The Killer Klown is moderately wounded.
The orb of fire glows red.
Strange energies course through your body.
You feel a hidden malignance growing inside you.
The Killer Klown blinks!
The Killer Klown squeezes you with a +11 club of electrocution!!
You feel threatened and lose the ability to read scrolls!
You die...

▓▓▓▓▓▓▓▓▓
▓▓......§▓▓
▓▓.^yX§....▓▓
X▓...Xpy*X...▓L..
.L..XD*hpp..X.y..
.▓p..q***X...▓y..
▓▓...XX....▓▓
▓▓.^.....▓▓
▓▓▓▓▓▓▓▓▓


You could see 5 orbs of fire, 4 Killer Klowns, a tentacled monstrosity, a green
draconian monk, an ancient lich, a dread lich (fast), a storm dragon, 8 Orb
Guardians, a ghost moth (invisible) and 3 moths of wrath.

Vanquished Creatures
  the Royal Jelly (Slime:5)
  A dread lich (Zot:5)
  An ancient lich (Zot:5)
  Mara (Crypt:3)
  The ghost of Naoteip the Metallomancer, a master GrEE of Vehumet (Depths:4)
  3 juggernauts
  A royal mummy (Crypt:3)
  A Killer Klown (Zot:3)
  Saint Roka (Depths:3)
  A shard shrike (IceCv)
  A curse toe (Zot:2)
  Bai Suzhen (Crypt:3)
  A caustic shrike (Depths:3)
  Geryon (Hell)
  12 golden dragons
  A bone dragon (Depths:4)
  Nikola (Spider:4)
  An iron giant (Hell)
  6 electric golems
  Rupert (Orc:1)
  Mlioglotl (Swamp:1)
  13 tentacled monstrosities
  3 liches
  2 walking earthen tomes (Depths:2)
  11 Orb Guardians (Zot:5)
  2 titans
  A deep elf master archer (Elf:3)
  3 quicksilver dragons
  4 deep elf blademasters
  17 acid blobs
  9 sphinxes
  12 ancient champions
  7 death cobs
  9 tengu reavers
  Kirke (Swamp:3)
  A thorn hunter (Swamp:1)
  10 storm dragons
  4 rockslimes
  10 draconian monks
  10 fire giants
  8 shadow dragons
  6 revenants
  Donald (Orc:1)
  6 draconian knights
  4 emperor scorpions
  13 azure jellies
  7 deep elf sorcerers
  3 ghost moths
  3 iron dragons
  11 frost giants
  10 vault wardens
  2 orc warlords
  A balrug (Hell)
  9 draconian shifters
  The ghost of Colgate the Severer, a journeyman MiBe of Trog (Swamp:2)
  8 draconian scorchers
  A curse skull (Crypt:3)
  13 ironbound preservers
  5 draconian stormcallers
  A cacodemon (Hell)
  5 spriggan defenders
  6 ghouls (Crypt:3)
  4 broodmothers
  7 draconian annihilators
  10 quicksilver oozes
  6 ironbound thunderhulks
  A caustic shrike skeleton (Crypt:3)
  36 stone giants
  24 very ugly things
  4 reapers
  A juggernaut skeleton (Depths:1)
  11 vampire knights
  3 war gargoyles
  16 green draconians
  5 eleionomae
  9 black draconians
  3 bunyips
  6 deep elf demonologists
  11 purple draconians
  10 yellow draconians
  2 lorocyprocas (Hell)
  13 deep elf annihilators
  11 dire elephants
  5 entropy weavers
  A minotaur (Gauntlet)
  13 white draconians
  16 red draconians
  5 spark wasps
  8 deep elf death magi
  5 eidola
  12 ettins
  2 green deaths (Swamp:4)
  2 blizzard demons
  2 mummy priests (Crypt:3)
  19 fire dragons
  A shambling mangrove (Swamp:1)
  A crystal guardian (Vaults:1)
  19 jiangshi
  Josephine (Lair:6)
  7 deep elf high priests
  3 iron golems
  The ghost of sand the Cleaver, a journeyman HOFi of Nemelex Xobeh (Orc:2)
  10 yaktaur captains
  17 great orbs of eyes
  5 hell beasts
  A hydra (shapeshifter) (Depths:4)
  6 boulder beetles
  8 ice dragons
  A quicksilver dragon skeleton (Crypt:3)
  Fannar (Lair:2)
  9 rakshasas
  10 ironbound frosthearts
  5 jorogumos
  3 ogre magi
  3 peacekeepers
  11 spriggan air magi
  3 ghost crabs
  A catoblepas (D:13)
  18 hydras
  2 spriggan skeletons
  12 vampire magi
  14 centaur warriors
  2 two-headed ogres (shapeshifter)
  9 tengu warriors
  3 death knights
  17 two-headed ogres
  5 radroaches
  3 deep troll earth magi
  6 deep troll shamans
  Urug (Lair:3)
  5 alligators
  A spectral emperor scorpion (Spider:4)
  5 hell hogs
  A thrashing horror (Swamp:4)
  10 death yaks
  A titan zombie (Crypt:2)
  31 dancing weapons
  4 hell knights
  7 death scarabs
  13 spriggan berserkers
  17 deep elf knights
  10 soul eaters
  An emperor scorpion zombie (Crypt:1)
  10 sun demons
  A storm dragon zombie (Crypt:1)
  45 skeletal warriors
  2 spectral death yaks (Lair:6)
  9 iron trolls
  A sixfirhy (Hell)
  A spectral anaconda (Lair:6)
  3 sun moths (Spider:3)
  43 deep trolls
  3 pharaoh ants
  3 shadow wraiths
  13 swamp dragons
  7 flayed ghosts
  An orange crystal statue (IceCv)
  4 goliath frogs
  12 wizards
  5 spriggan druids
  6 glowing orange brains
  8 bog bodies
  6 steelbarb worms
  An obsidian statue (Lair:6)
  8 orb spiders
  17 ironbound convokers
  12 necromancers
  A spriggan simulacrum (Crypt:3)
  7 phantasmal warriors
  5 harpies
  21 deep elf pyromancers
  11 deep elf archers
  41 deep elf zephyrmancers
  10 lindwurms
  5 orc knights
  A spectral wolf spider (Spider:4)
  13 wolf spiders
  A broodmother zombie (Spider:4)
  3 will-o-the-wisps
  An oklob plant (Lair:6)
  7 shining eyes
  A tengu skeleton (Depths:1)
  2 orc sorcerers (Elf:1)
  8 manticores
  21 cyclopes
  45 ugly things
  A goliath frog skeleton (Crypt:1)
  A stone giant skeleton (Crypt:3)
  A fire giant skeleton (Depths:1)
  A dire elephant zombie (Crypt:1)
  27 moths of wrath
  20 elephants
  3 rust devils
  A water nymph (shapeshifter) (Depths:2)
  A shock serpent zombie (Crypt:1)
  20 vault sentinels
  2 eyes of devastation
  10 molten gargoyles
  Maurice (Orc:2)
  A cane toad (shapeshifter) (Elf:1)
  7 smoke demons (Hell)
  2 orange demons
  6 black mambas
  3 gargoyles
  17 cane toads
  A hellion (Hell)
  Maggie (D:8)
  3 unseen horrors (D:12)
  5 torpor snails
  34 yaktaurs
  7 demonic crawlers
  8 komodo dragons
  A redback zombie (Spider:4)
  A kobold demonologist (D:12)
  A sea snake zombie (Crypt:3)
  An efreet (D:14)
  2 freezing wraiths
  Psyche (D:8)
  A sea snake skeleton (Crypt:1)
  5 tengu conjurers
  4 guardian mummies (Crypt:3)
  16 rime drakes
  2 ice devils (Hell)
  An iron giant simulacrum (Crypt:3)
  A red devil (Hell)
  5 meliai
  12 tyrant leeches
  18 trolls
  A queen bee (Lair:2)
  20 hornets
  A troll (shapeshifter) (Vaults:4)
  2 spectral culicivoras (Spider:4)
  A wolf spider simulacrum (Gauntlet)
  A tarantella zombie (Spider:4)
  36 polar bears
  22 tarantellas
  17 blink frogs
  2 tarantellas (shapeshifter) (Depths:2)
  2 spectral jumping spiders (Spider:4)
  A dream sheep (shapeshifter) (D:15)
  A spectral dream sheep (Gauntlet)
  4 dream sheep (Lair:6)
  2 spectral tarantellas (Spider:4)
  A satyr zombie (Crypt:3)
  A culicivora zombie (Spider:4)
  2 spectral black mambas (Gauntlet)
  31 jumping spiders
  3 spectral elephants (Lair:6)
  An air elemental (Elf:2)
  30 culicivoras
  114 slime creatures
  5 wyverns
  3 flying skulls (Crypt:1)
  5 shadows
  2 vampires (D:12)
  7 water elementals
  An ushabti (Crypt:3)
  21 spriggans
  2 centaur simulacra
  9 golden eyes
  A fire elemental (Elf:3)
  A yak (shapeshifter) (Elf:2)
  5 wraiths
  2 basilisks
  43 yaks
  A wind drake skeleton (Crypt:2)
  A death yak simulacrum (Lair:6)
  9 vampire mosquitoes
  7 hogs (Swamp:3)
  A spectral komodo dragon (Gauntlet)
  A steam dragon (D:9)
  20 swamp worms
  A tengu zombie (Depths:1)
  51 redbacks
  A spectral cane toad (Lair:6)
  2 naga zombies
  4 wargs
  2 harpy simulacra
  17 water moccasins
  A floating eye (Slime:3)
  6 hell hounds
  19 orc warriors
  A swamp drake (Swamp:2)
  A merfolk simulacrum (Crypt:1)
  An ice dragon simulacrum (Gauntlet)
  11 black bears
  3 elephant zombies
  3 sky beasts
  7 necrophages
  10 wolves
  36 ogres
  4 boggarts (Vaults:1)
  A swamp dragon skeleton (Crypt:1)
  A rime drake zombie (Crypt:2)
  7 centaurs
  A phantom (D:6)
  A kobold brigand (D:8)
  An earth elemental (Elf:3)
  A fire crab zombie (Crypt:2)
  A rime drake skeleton (Crypt:3)
  9 bullfrogs
  2 scorpions
  A wyvern zombie (D:6)
  A warg zombie (Crypt:1)
  A cane toad simulacrum (Lair:6)
  A wyvern skeleton (D:5)
  25 killer bees
  A spectral ogre (Orc:2)
  14 wights
  9 electric eels
  5 howler monkeys
  A lava snake (Elf:1)
  A bullfrog zombie (Crypt:1)
  2 centaur zombies
  4 jellies
  11 orc priests
  3 bullfrog skeletons
  4 hell rats (Hell)
  An iguana (D:5)
  17 orc wizards
  5 spectral orcs (Orc:2)
  A dwarf zombie (Crypt:2)
  A hound zombie (D:5)
  A howler monkey zombie (D:11)
  8 mummies (Ossuary)
  A howler monkey skeleton (Crypt:2)
  A steam dragon zombie (Crypt:3)
  11 adders
  6 gnolls
  2 shadow imps (Gauntlet)
  3 white imps
  An ufetubus (D:7)
  A halfling zombie (Crypt:3)
  An orc simulacrum (Orc:2)
  A worm zombie (Crypt:1)
  4 worms
  5 dart slugs
  57 orcs
  6 endoplasms
  2 giant cockroaches
  4 goblins
  6 hobgoblins
  13 jackals
  6 quokkas
  5 ball pythons
  4 bats
  A dart slug zombie (Crypt:3)
  3 frilled lizards
  A gnoll skeleton (Crypt:2)
  3 hobgoblin zombies (Ossuary)
  10 kobolds
  3 kobold zombies (Ossuary)
  2 orc zombies (Ossuary)
  5 rats
  A bush (Lair:6)
  A plant (Lair:6)
2518 creatures vanquished.

Vanquished Creatures (collateral kills)
  A dread lich (Crypt:3)
  Xtahua (Crypt:3)
  Arachne (Spider:3)
  A lich (Crypt:3)
  3 ancient champions (Crypt:3)
  An acid blob (Slime:5)
  A rockslime (Slime:5)
  Louise (Spider:3)
  A ghoul (Crypt:3)
  A stone giant (Crypt:3)
  A great orb of eyes (Slime:5)
  A jiangshi (Crypt:3)
  A spriggan berserker (Depths:4)
  Sonja (Lair:2)
  3 skeletal warriors (Crypt:3)
  An anaconda simulacrum (Crypt:3)
  2 guardian mummies (Crypt:3)
  A meliai (Spider:3)
23 creatures vanquished.

Vanquished Creatures (others)
  A stone giant (Depths:2)
  A red draconian (Zot:2)
  A deep elf death mage (Crypt:3)
  An ice dragon (Depths:2)
  A deep elf zephyrmancer (Elf:2)
  An ice devil (Hell)
  A tarantella zombie (Spider:4)
  A hell hound (Hell)
  An ogre (Orc:2)
  A hell rat (Hell)
  An orc (Orc:2)
  A kobold (D:8)
  A butterfly (Depths:3)
  30 foxfires
  65 fungi
  145 plants
  32 withered plants
285 creatures vanquished.

Grand Total: 2826 creatures vanquished

Notes
Turn   | Place    | Note
-------+----------+-------------------------------------------
     0 | D:1      | Majang the Minotaur Berserker began the quest for the Orb.
     0 | D:1      | Reached XP level 1. HP: 19/19 MP: 0/0
   461 | D:1      | Reached XP level 2. HP: 26/27 MP: 1/1
  1165 | D:2      | Reached XP level 3. HP: 33/33 MP: 2/2
  1323 | D:2      | Reached ** piety under Trog
  1324 | D:2      | Reached skill level 5 in Axes
  1492 | D:2      | Reached XP level 4. HP: 41/41 MP: 3/3
  1580 | D:2      | Found a faded altar of an unknown god.
  1708 | D:2      | Found Poffoumn's General Store.
  1717 | D:2      | Bought a scroll of magic mapping for 45 gold pieces
  2600 | D:3      | Reached XP level 5. HP: 42/47 MP: 4/4
  3013 | D:4      | Reached skill level 5 in Fighting
  3028 | D:4      | Reached *** piety under Trog
  3317 | D:4      | Reached XP level 6. HP: 54/56 MP: 5/5
  4277 | D:5      | Entered Level 5 of the Dungeon
  4533 | D:5      | Found a shadowy altar of Dithmenos.
  4570 | D:5      | Reached XP level 7. HP: 60/62 MP: 6/6
  4586 | D:5      | You fall into a shaft and drop 1 floor!
  4651 | D:6      | Found a sand-covered staircase.
  4660 | Ossuary  | Entered an ossuary
  5815 | D:5      | Reached skill level 5 in Armour
  6148 | D:5      | Reached **** piety under Trog
  6149 | D:5      | Reached XP level 8. HP: 59/71 MP: 7/7
  6478 | D:6      | Found a staircase to the Ecumenical Temple.
  6513 | Temple   | Entered the Ecumenical Temple
  6950 | D:6      | Reached skill level 5 in Dodging
  8247 | D:7      | Reached XP level 9. HP: 79/79 MP: 8/8
  8384 | D:7      | Reached skill level 10 in Axes
  9170 | D:8      | Noticed Psyche
  9225 | D:8      | Killed Psyche
  9226 | D:8      | Reached skill level 1 in Bows
  9352 | D:8      | Noticed a two-headed ogre
  9360 | D:8      | Killed a two-headed ogre
  9517 | D:8      | Noticed Maggie
  9534 | D:8      | Killed Maggie
 10045 | D:8      | Reached XP level 10. HP: 86/90 MP: 9/9
 10309 | D:9      | Reached skill level 5 in Bows
 10724 | D:9      | Reached ***** piety under Trog
 12305 | D:10     | Entered Level 10 of the Dungeon
 12624 | D:10     | Found a staircase to the Lair.
 12946 | D:10     | Reached XP level 11. HP: 67/97 MP: 10/10
 13866 | D:11     | Noticed a two-headed ogre
 13878 | D:11     | Killed a two-headed ogre
 14003 | D:11     | Found Plog's Assorted Antiques.
 14006 | D:11     | Bought a potion of curing for 78 gold pieces
 14006 | D:11     | Bought a glowing cloak for 195 gold pieces
 14006 | D:11     | Bought a scroll of blinking for 195 gold pieces
 14006 | D:11     | Bought a scroll of magic mapping for 91 gold pieces
 14266 | D:11     | Noticed a six-headed hydra
 14276 | D:11     | Killed a four-headed hydra
 14700 | D:11     | Found Qunk's Book Shoppe.
 14824 | D:11     | Found Caew Yto's Antique Weapon Boutique.
 14832 | D:11     | Bought a runed hand axe for 126 gold pieces
 14921 | Lair:1   | Entered Level 1 of the Lair of Beasts
 14961 | Lair:1   | Reached skill level 10 in Fighting
 14994 | Lair:1   | Received a gift from Trog
 16433 | Lair:2   | Reached XP level 12. HP: 93/107 MP: 11/11
 16777 | Lair:2   | Noticed a four-headed hydra
 16786 | Lair:2   | Killed a one-headed hydra
 17019 | Lair:2   | Noticed Fannar
 17033 | Lair:2   | Killed Fannar
 17034 | Lair:2   | Reached skill level 10 in Armour
 17182 | Lair:2   | Noticed Sonja
 17198 | Lair:2   | Killed Sonja
 17372 | Lair:2   | Found a hole to the Spider Nest.
 17452 | Lair:2   | You fall into a shaft and drop 1 floor!
 17661 | Lair:3   | Reached skill level 10 in Bows
 17774 | Lair:3   | Noticed Urug
 17890 | Lair:3   | Killed Urug
 18014 | Lair:3   | Reached skill level 15 in Axes
 18653 | Lair:4   | Noticed a five-headed hydra
 18663 | Lair:4   | Killed a five-headed hydra
 18780 | Lair:4   | Reached XP level 13. HP: 39/116 MP: 12/12
 19488 | Lair:4   | Reached skill level 10 in Dodging
 19526 | Lair:4   | Found a staircase to the Swamp.
 20034 | Lair:5   | Found a staircase to the Slime Pits.
 20042 | Lair:5   | Found a viscous altar of Jiyva.
 20413 | Lair:6   | Entered Level 6 of the Lair of Beasts
 20552 | Lair:6   | Received a gift from Trog
 20754 | Lair:6   | Noticed Josephine
 20762 | Lair:6   | Killed Josephine
 20850 | Lair:6   | Identified a scroll of acquirement
 20850 | Lair:6   | Acquired the ring "Giud" {*Slow rF++ rC+ Will+ SInv}
 22089 | Lair:6   | Reached XP level 14. HP: 122/127 MP: 13/13
 22237 | Lair:6   | Received a gift from Trog
 23437 | Lair:6   | Identified the +7 short sword of Faasyleba {protect, Will-
                  | Dex+4}
 24317 | D:12     | Found a staircase to the Orcish Mines.
 24781 | D:12     | Acquired the +9 shadow dragon scales of the Loofah {rElec
                  | Stlth++++}
 25599 | Orc:1    | Entered Level 1 of the Orcish Mines
 25669 | Orc:1    | Found Zuiwk's Weapon Emporium.
 25938 | Orc:2    | Entered Level 2 of the Orcish Mines
 25962 | Orc:2    | Noticed Maurice
 26257 | Orc:2    | Found a staircase to the Elven Halls.
 26296 | Orc:2    | Found Leovua's Book Shoppe.
 26320 | Orc:2    | Found Eppuqud's Magic Scroll Emporium.
 26329 | Orc:2    | Found Afomoiwk's Jewellery Emporium.
 26338 | Orc:2    | Found Upares's Jewellery Shop.
 26342 | Orc:2    | Bought a scroll of enchant weapon for 112 gold pieces
 26347 | Orc:2    | Found Tushaz's Weapon Shoppe.
 26401 | Orc:2    | Noticed Donald
 26417 | Orc:1    | Killed Donald
 26654 | Orc:2    | Noticed a stone giant
 27020 | Orc:2    | Noticed Rupert
 27122 | Orc:1    | Killed Rupert
 27123 | Orc:1    | Reached XP level 15. HP: 17/136 MP: 14/14
 27862 | Orc:2    | Found a runed translucent gate.
 27862 | Orc:2    | Found a runed translucent gate.
 27862 | Orc:2    | Found a runed translucent gate.
 27872 | Orc:2    | Noticed sand's ghost (journeyman HOFi)
 27911 | Orc:2    | Killed Maurice
 27911 | Orc:2    | Received a gift from Trog
 28567 | Orc:2    | Bought the ring of Tyaxupra {rPois rF+} for 544 gold pieces
 28607 | Orc:2    | Killed sand's ghost
 28766 | Orc:1    | Found Liofriza's Assorted Antiques.
 29211 | Orc:2    | Bought a scroll of blinking for 112 gold pieces
 29211 | Orc:2    | Bought a scroll of holy word for 112 gold pieces
 29211 | Orc:2    | Bought a scroll of identify for 30 gold pieces
 29211 | Orc:2    | Bought a scroll of identify for 30 gold pieces
 29211 | Orc:2    | Bought a scroll of identify for 30 gold pieces
 29408 | Swamp:1  | Entered Level 1 of the Swamp
 29560 | Swamp:1  | Noticed Mlioglotl
 29964 | Swamp:1  | Noticed a thorn hunter
 29985 | Swamp:1  | Killed a thorn hunter
 30351 | Swamp:1  | Reached skill level 15 in Bows
 30610 | Swamp:1  | Killed Mlioglotl
 30733 | Swamp:2  | Paralysed by a hornet for 2 turns
 30832 | Swamp:2  | Found a runed translucent door.
 30832 | Swamp:2  | Found a shimmering altar of Xom.
 30832 | Swamp:2  | Identified the +0 great mace of Focus {chaos, Will++}
 30832 | Swamp:2  | Noticed Colgate's ghost (journeyman MiBe)
 30980 | Swamp:2  | Killed Colgate's ghost
 31119 | Swamp:2  | Found a shimmering blue altar of Sif Muna.
 31134 | Swamp:2  | Received a gift from Trog
 32444 | Swamp:3  | Reached XP level 16. HP: 147/147 MP: 15/15
 32465 | Swamp:3  | Noticed Kirke
 32470 | Swamp:3  | Noticed a sphinx
 32483 | Swamp:3  | Killed Kirke
 33003 | Swamp:3  | Noticed a tentacled monstrosity
 33013 | Swamp:3  | Killed a tentacled monstrosity
 33149 | Swamp:4  | Entered Level 4 of the Swamp
 33611 | Swamp:4  | Received a gift from Trog
 35120 | Swamp:4  | Reached skill level 15 in Fighting
 35211 | Swamp:4  | Identified the +1 robe of Action {Rampage}
 35314 | Swamp:4  | Got a decaying rune of Zot
 36410 | D:14     | Found a snail-covered altar of Cheibriados.
 36552 | D:14     | Found a gate to the Vaults.
 36557 | D:14     | Found a gate leading to a gauntlet.
 36566 | Gauntlet | Entered a Gauntlet
 36566 | Gauntlet | Found a runed translucent door.
 36566 | Gauntlet | Found a transporter.
 36566 | Gauntlet | Found a runed translucent door.
 36566 | Gauntlet | Found a transporter.
 36572 | Gauntlet | Found a transporter.
 36574 | Gauntlet | Found a transporter.
 36574 | Gauntlet | Found a transporter.
 36577 | Gauntlet | Found a transporter.
 36619 | Gauntlet | Found a transporter.
 36620 | Gauntlet | Found a transporter.
 36620 | Gauntlet | Found a transporter.
 36632 | Gauntlet | Found a transporter.
 36645 | Gauntlet | Found a runed translucent door.
 36649 | Gauntlet | Found a transporter.
 36672 | Gauntlet | Found a transporter.
 36676 | Gauntlet | Found a transporter.
 36721 | Gauntlet | Found a transporter.
 36777 | Gauntlet | Reached ****** piety under Trog
 36826 | Gauntlet | Reached XP level 17. HP: 156/156 MP: 13/16
 36929 | Gauntlet | Identified the +4 cloak of the Vanishing Portals {+Blink}
 37122 | Gauntlet | Identified the +11 shortbow "Ywkeq" {flame, rPois Stlth+}
 37122 | Gauntlet | Identified the amulet "Oxziuk" {rF+ rC+++ Regen+ Str-5
                  | SInv}
 37674 | D:15     | Entered Level 15 of the Dungeon
 37684 | D:15     | Received a gift from Trog
 37727 | D:15     | Found a blossoming altar of Fedhas.
 37986 | D:15     | Found a frozen archway.
 37992 | IceCv    | Entered an ice cave
 38096 | IceCv    | Reached skill level 15 in Armour
 38741 | IceCv    | Noticed a shard shrike
 39074 | IceCv    | Killed a shard shrike
 39333 | D:15     | Found a hide-covered altar of Uskayaw.
 39624 | D:15     | Found a staircase to the Depths.
 39798 | D:15     | Identified the +7 rapier "Mointae" {elec, Str+2}
 40082 | Spider:1 | Entered Level 1 of the Spider Nest
 40477 | Spider:1 | Received a gift from Trog
 41831 | Spider:2 | Reached XP level 18. HP: 161/166 MP: 13/17
 43118 | Spider:3 | Received a gift from Trog
 43152 | Spider:3 | Noticed Louise
 43163 | Spider:3 | Killed Louise
 43301 | Spider:3 | Identified the +0 pair of boots of Nadanoom {rCorr Dex-2
                  | Stlth+}
 43685 | Spider:3 | Noticed Arachne
 43820 | Spider:3 | Killed Arachne
 44303 | Spider:4 | Entered Level 4 of the Spider Nest
 45083 | Spider:4 | Reached skill level 15 in Dodging
 45241 | Spider:4 | Received a gift from Trog
 45895 | Spider:4 | Noticed Nikola
 45907 | Spider:4 | Killed Nikola
 46425 | Spider:4 | Identified the +1 pair of gloves of Exclusion {rN+ Int+3}
 46447 | Spider:4 | Identified the -2 hat "Vepti Quloe" {rF+ Str+5}
 46452 | Spider:4 | Got a gossamer rune of Zot
 46823 | Elf:1    | Entered Level 1 of the Elven Halls
 47149 | Elf:1    | Reached XP level 19. HP: 152/174 MP: 18/18
 47352 | Elf:1    | Noticed a Tzitzimitl
 47534 | Elf:1    | Received a gift from Trog
 49065 | Elf:2    | Received a gift from Trog
 49312 | Elf:2    | Found a runed translucent gate.
 49312 | Elf:2    | Found a runed translucent gate.
 49312 | Elf:2    | Found a runed translucent gate.
 49540 | Elf:2    | Paralysed by an air elemental for 1 turns
 50442 | Elf:2    | Received a gift from Trog
 50987 | Vaults:1 | Entered Level 1 of the Vaults
 52206 | Vaults:2 | Reached XP level 20. HP: 142/187 MP: 19/19
 52352 | Vaults:2 | Received a gift from Trog
 54047 | Vaults:2 | Found a staircase to the Crypt.
 55500 | Vaults:3 | Received a gift from Trog
 57577 | Vaults:4 | Reached XP level 21. HP: 189/193 MP: 20/20
 57693 | Vaults:4 | Found Taom's Magic Scroll Emporium.
 57699 | Vaults:4 | Received a gift from Trog
 57699 | Vaults:4 | Found the +14 obsidian axe {vorpal, Mesm Drain Fly SInv}
 57774 | Vaults:4 | Bought a scroll of enchant weapon for 105 gold pieces
 57946 | Vaults:4 | Identified the +9 plate armour of Erusm {rC- Will+ Dex+5}
 58284 | Vaults:4 | Found Daxtisy's Antique Weapon Shoppe.
 58445 | Vaults:4 | Received a gift from Trog
 59430 | Depths:1 | Entered Level 1 of the Depths
 59595 | Depths:1 | Found a gateway to Hell.
 60136 | Depths:1 | Found a hide-covered altar of Uskayaw.
 60250 | Depths:1 | Acquired the +3 pair of gauntlets of War {Slay+5}
 60250 | Depths:1 | Found the +3 pair of gauntlets of War {Slay+5}
 60299 | Depths:1 | Found a corrupted altar of Lugonu.
 60776 | Temple   | Fell from the grace of Trog
 60776 | Temple   | Became a worshipper of the Shining One
 61020 | Crypt:1  | Entered Level 1 of the Crypt
 61108 | Crypt:1  | Reached * piety under the Shining One
 61141 | Crypt:1  | Reached ** piety under the Shining One
 61301 | Crypt:1  | Reached *** piety under the Shining One
 61302 | Crypt:1  | Reached skill level 1 in Invocations
 61645 | Crypt:1  | Reached **** piety under the Shining One
 61937 | Crypt:2  | Reached XP level 22. HP: 206/206 MP: 23/23
 62357 | Crypt:2  | Reached ***** piety under the Shining One
 62753 | Crypt:2  | Reached skill level 5 in Invocations
 63013 | Crypt:2  | Reached ****** piety under the Shining One
 63014 | Crypt:2  | Identified a +9 executioner's axe of holy wrath (a +8
                  | executioner's axe blessed by the Shining One)
 63014 | Crypt:2  | Received a gift from the Shining One
 63054 | Crypt:3  | Entered Level 3 of the Crypt
 63054 | Crypt:3  | Noticed Mara
 63281 | Crypt:3  | Noticed Majang's illusion
 63282 | Crypt:3  | Killed Mara
 63415 | Crypt:3  | Noticed Xtahua
 63424 | Crypt:3  | Killed Xtahua
 63614 | Crypt:3  | Found a staircase to the Tomb.
 63778 | Crypt:3  | Found a basalt altar of Yredelemnul.
 63779 | Crypt:3  | Noticed a dread lich
 63782 | Crypt:3  | Killed a dread lich
 63782 | Crypt:3  | Noticed a royal mummy
 63787 | Crypt:3  | Killed a royal mummy
 63809 | Crypt:3  | Found an ancient bone altar of Kikubaaqudgha.
 64111 | Crypt:3  | Noticed Bai Suzhen
 64139 | Crypt:3  | Killed Bai Suzhen
 64356 | Crypt:3  | Got the Compendium of Cankerous Confrontation
 64360 | Crypt:3  | Got the Guide on Evil
 69656 | Depths:2 | Found a runed translucent door.
 69753 | Depths:2 | Reached XP level 23. HP: 217/217 MP: 28/28
 69904 | Depths:2 | Found a burning altar of Makhleb.
 70050 | Depths:2 | Identified the +4 quarterstaff "Ilusad" {flame, +Blink MP+9
                  | Stlth-}
 70061 | Depths:2 | Identified the +6 leather armour "Awuk Fev" {+Inv}
 70106 | Depths:2 | Reached skill level 10 in Invocations
 70409 | Depths:2 | Identified the +4 scale mail of Qazlal's Whim {rPois Will-
                  | Dex+5}
 70526 | Depths:2 | Noticed a juggernaut
 70534 | Depths:2 | Killed a juggernaut
 70787 | Depths:2 | Noticed a juggernaut
 70793 | Depths:2 | Killed a juggernaut
 70800 | Depths:2 | Identified the +10 shortbow "Jamety" {flame, rF++ Will+
                  | Str-2 Int+4}
 71021 | Depths:2 | Found a bloodstained altar of Trog.
 71022 | Depths:2 | Found a white marble altar of Elyvilon.
 71024 | Depths:2 | Found an ancient bone altar of Kikubaaqudgha.
 71024 | Depths:2 | Found a shimmering altar of Xom.
 71161 | Depths:2 | Acquired a manual of Invocations
 71163 | Depths:2 | Acquired 1211 gold pieces
 71316 | Depths:2 | Paralysed by Trog for 4 turns
 71647 | Depths:2 | Identified the +0 chain mail "Nosic" {rN+ rCorr}
 71796 | Depths:2 | Identified the +6 shortbow of Turob {speed, Int+5}
 72156 | Depths:2 | Found a one-way gate leading to the halls of Pandemonium.
 72312 | Depths:3 | Found a white marble altar of Elyvilon.
 72405 | Depths:3 | Found a broken altar of Ashenzari.
 72420 | Depths:3 | Noticed a caustic shrike
 72428 | Depths:3 | Killed a caustic shrike
 72678 | Depths:3 | Found a one-way gateway to a ziggurat.
 72810 | Depths:3 | Reached XP level 24. HP: 203/231 MP: 32/32
 73151 | Depths:3 | Found a one-way gate to the infinite horrors of the Abyss.
 73300 | Depths:3 | Noticed Saint Roka
 73328 | Depths:3 | Killed Saint Roka
 73828 | Depths:4 | Entered Level 4 of the Depths
 73976 | Depths:4 | Noticed a juggernaut
 73977 | Depths:4 | Found a bloodstained altar of Trog.
 73977 | Depths:4 | Noticed Naoteip's ghost (master GrEE)
 73986 | Depths:4 | Found a transporter.
 73994 | Depths:4 | Found a transporter.
 75200 | Depths:4 | Reached skill level 15 in Invocations
 75271 | Depths:4 | Found a gate to the Realm of Zot.
 75920 | Depths:4 | Was forgiven by Trog
 76225 | Hell     | Entered the Vestibule of Hell
 76225 | Hell     | Noticed Geryon
 76242 | Hell     | Killed Geryon
 76913 | Hell     | Found a gateway to the Iron City of Dis.
 76977 | Hell     | Found a gateway to the ashen valley of Gehenna.
 77083 | Hell     | Found a gateway to the decaying netherworld of Tartarus.
 77128 | Hell     | Found a gateway to the freezing wastes of Cocytus.
 78117 | Elf:3    | Entered Level 3 of the Elven Halls
 78178 | Elf:3    | Found Fiorphoe's Antique Armour Boutique.
 78220 | Elf:2    | Found an ancient bone altar of Kikubaaqudgha.
 78548 | Elf:3    | Identified the +2 chain mail "Zuxolof" {Harm}
 78916 | Elf:3    | Identified the +8 dire flail of Conversion {vorpal, Fragile
                  | +Blink Will+ Int+3}
 78923 | Elf:3    | Reached XP level 25. HP: 240/240 MP: 34/34
 79092 | Elf:3    | Identified the +0 ring mail "Pueteyf" {rPois rF- rC+ Int+3}
 79108 | Elf:3    | Identified the +8 mace of Wosk {freeze, rF+ rN+ Dex-2
                  | Stlth+}
 79108 | Elf:3    | Identified the +2 ring mail "Huocem" {Fly rC+}
 79267 | Elf:3    | Identified the +7 hand crossbow of Qinus {flame, Will+}
 79425 | Elf:3    | Got Rilaonocuo's Papyrus of Ashen Contamination
 80080 | Slime:1  | Entered Level 1 of the Pits of Slime
 80159 | Slime:1  | Gained mutation: Your body sometimes deteriorates upon
                  | taking damage. [a shining eye]
 80192 | Slime:1  | Gained mutation: Your body often deteriorates upon taking
                  | damage. [a shining eye]
 80632 | Slime:2  | Gained mutation: You occasionally shout uncontrollably at
                  | your foes. [a shining eye]
 80824 | Slime:2  | Gained mutation: You are dopey. (Int -2) [a shining eye]
 80826 | Slime:2  | Gained mutation: You are clumsy. (Dex -2) [a shining eye]
 80828 | Slime:2  | Gained mutation: Your spells are a little easier to cast,
                  | but a little less powerful. [a shining eye]
 80831 | Slime:2  | Gained mutation: You frequently scream uncontrollably at
                  | your foes. [a shining eye]
 80834 | Slime:2  | Gained mutation: You are very clumsy. (Dex -4) [a shining
                  | eye]
 82526 | Slime:3  | Gained mutation: You are frail. (-10% HP) [a shining eye]
 82529 | Slime:3  | Gained mutation: You are very frail. (-20% HP) [a shining
                  | eye]
 82740 | Slime:5  | Entered Level 5 of the Pits of Slime
 82813 | Slime:5  | Noticed the Royal Jelly
 82828 | Slime:5  | Killed the Royal Jelly
 82838 | Slime:5  | Gained mutation: You tend to lose your temper in combat. [a
                  | shining eye]
 83122 | Slime:5  | Identified the +1 ring mail of the Twenty Things {Str+2
                  | Int+2 SInv}
 83142 | Slime:5  | Got a slimy rune of Zot
 83155 | Slime:5  | Identified the +2 robe "Ruffow" {rF+}
 83209 | Slime:5  | Lost mutation: You tend to lose your temper in combat.
                  | [potion of mutation]
 83209 | Slime:5  | Lost mutation: You are dopey. (Int -2) [potion of mutation]
 83209 | Slime:5  | Lost mutation: Your spells are a little easier to cast, but
                  | a little less powerful. [potion of mutation]
 83210 | Slime:5  | Lost mutation: You frequently scream uncontrollably at your
                  | foes. [potion of mutation]
 83210 | Slime:5  | Lost mutation: You are very frail. (-20% HP) [potion of
                  | mutation]
 83210 | Slime:5  | Lost mutation: Your body often deteriorates upon taking
                  | damage. [potion of mutation]
 83210 | Slime:5  | Gained mutation: You are covered in fur. (AC +1) [potion of
                  | mutation]
 83210 | Slime:5  | Gained mutation: Your body often deteriorates upon taking
                  | damage. [potion of mutation]
 83210 | Slime:5  | Gained mutation: You have a pair of large horns on your
                  | head. [potion of mutation]
 83211 | Slime:5  | Lost mutation: You are frail. (-10% HP) [potion of
                  | mutation]
 83211 | Slime:5  | Lost mutation: You are covered in fur. (AC +1) [potion of
                  | mutation]
 83211 | Slime:5  | Lost mutation: You are very clumsy. (Dex -4) [potion of
                  | mutation]
 83212 | Slime:5  | Lost mutation: You have a pair of large horns on your head.
                  | [potion of mutation]
 83212 | Slime:5  | Lost mutation: You are clumsy. (Dex -2) [potion of
                  | mutation]
 83212 | Slime:5  | Lost mutation: Your body often deteriorates upon taking
                  | damage. [potion of mutation]
 83212 | Slime:5  | Gained mutation: You have hidden genetic defects. [potion
                  | of mutation]
 83212 | Slime:5  | Gained mutation: Your system is resistant to poisons.
                  | (rPois) [potion of mutation]
 83248 | Slime:5  | Lost mutation: You occasionally shout uncontrollably at
                  | your foes. [potion of mutation]
 83248 | Slime:5  | Lost mutation: Your body sometimes deteriorates upon taking
                  | damage. [potion of mutation]
 83248 | Slime:5  | Lost mutation: You have hidden genetic defects. [potion of
                  | mutation]
 83248 | Slime:5  | Gained mutation: You tend to lose your temper in combat.
                  | [potion of mutation]
 83248 | Slime:5  | Gained mutation: You sometimes lose the ability to read
                  | scrolls when taking damage. [potion of mutation]
 83248 | Slime:5  | Gained mutation: You expend magic power (3 MP) to
                  | strengthen your wands. [potion of mutation]
 83248 | Slime:5  | Gained mutation: You have sharp toenails. [potion of
                  | mutation]
 83720 | Depths:4 | Killed a juggernaut
 83725 | Depths:4 | Killed Naoteip's ghost
 83922 | Zot:1    | Entered Level 1 of the Realm of Zot
 85443 | Zot:1    | Lost mutation: You sometimes lose the ability to read
                  | scrolls when taking damage. [potion of mutation]
 85443 | Zot:1    | Lost mutation: You expend magic power (3 MP) to strengthen
                  | your wands. [potion of mutation]
 85443 | Zot:1    | Gained mutation: You are agile. (Dex +2) [potion of
                  | mutation]
 85443 | Zot:1    | Gained mutation: Your spells are a little harder to cast,
                  | but a little more powerful. [potion of mutation]
 85443 | Zot:1    | Gained mutation: You often lose your temper in combat.
                  | [potion of mutation]
 85623 | Zot:2    | Reached XP level 26. HP: 171/253 MP: 35/35
 87692 | Zot:3    | Acquired 779 gold pieces
 90039 | Zot:4    | Identified the ring "Arockyju" {Wiz rC++}
 90984 | Zot:5    | Entered Level 5 of the Realm of Zot
 90987 | Zot:5    | Got the Orb of Zot
 90990 | Zot:5    | Noticed a dread lich
 90992 | Zot:5    | Noticed an ancient lich
 90992 | Zot:5    | Noticed an orb of fire
 90995 | Zot:5    | Noticed an orb of fire
 90995 | Zot:5    | HP: 2/257 [Orb Guardian (24)]
 90996 | Zot:5    | Noticed an orb of fire
 90996 | Zot:5    | Noticed an orb of fire
 90997 | Zot:5    | Reached XP level 27. HP: 3/264 MP: 0/36
 90998 | Zot:5    | Noticed an orb of fire
 91004 | Zot:5    | Lost mutation: You have sharp toenails. [an orb of fire]
 91005 | Zot:5    | Gained mutation: You sometimes lose the ability to read
                  | scrolls when taking damage. [an orb of fire]
 91010 | Zot:5    | Noticed an ancient lich
 91010 | Zot:5    | Killed an ancient lich
 91010 | Zot:5    | Gained mutation: Potions are less effective at restoring
                  | your health. [an orb of fire]
 91011 | Zot:5    | Killed a dread lich
 91011 | Zot:5    | Noticed a dread lich
 91012 | Zot:5    | Gained mutation: You are dopey. (Int -2) [an orb of fire]
 91013 | Zot:5    | Gained mutation: You occasionally shout uncontrollably at
                  | your foes. [an orb of fire]
 91014 | Zot:5    | Gained mutation: Your magical capacity is low. (-10% MP)
                  | [an orb of fire]
 91017 | Zot:5    | HP: 17/396 [ghost moth (18)]
 91018 | Zot:5    | Gained mutation: You have hidden genetic defects. [an orb
                  | of fire]
 91018 | Zot:5    | Mangled by a Killer Klown

Illustrated notes

Levels and vault maps discovered:
D:1:      dpeg_arrival_tiny_b, layout_loops_corners
D:2:      layout_rooms, shapermc_ecumenical_altar_ellora, serial_shops, shop
D:3:      layout_loops_corners
D:4:      layout_basic, kennysheep_donut, chequers_mini_garden
D:5:      layout_gridville, grunt_dithmenos_smoke_and_mirrors
D:6:      minmay_inner_zag, layout_gridville, minmay_temple_entry_wispy,
          nicolae_ossuary_entry_monument
D:7:      layout_gridville
D:8:      layout_basic, uniq_maggie, uniq_psyche
D:9:      layout_basic
D:10:     layout_cave_pods, grunt_lair_entry_orc_guard_hut
D:11:     layout_gridville, serial_shops, kennysheep_mini_moat,
          nicolae_shop_temple_entry_statues_fountains, nicolae_shop_behind_doors
D:12:     layout_grid_maze, orc_0_dummy
D:13:     layout_irregular_city
D:14:     layout_basic, erik_vaults_1, minmay_misc_feat_pillars,
          gauntlet_entry_generic, cheibriados_altar_1
D:15:     gammafunk_enter_depths_forms, layout_small_grid,
          portal_ice_cave_entry_pillars_four, fedhas_altar_3, st_stairs_7,
          eat_drink_and_be_merry_uskayaw
Temple:   dpeg_three_leaves_temple
Lair:1:   layout_cave_pods, serial_bayou_pond_a
Lair:2:   layout_roguey [special_room_bee], spider_nest_entry_web_field,
          grunt_megastairs_1, uniq_fannar, uniq_sonja
Lair:3:   layout_cave_shapes, lemuel_fruit_tree, infiniplex_staircase_pool,
          uniq_urug
Lair:4:   layout_long_grid, minmay_swamp_entry_worms, serial_bayou_pond_b,
          chequers_serial_rivers_micro_e, worms_lemuel
Lair:5:   layout_loops_ring, slime_altar_1
Lair:6:   due_jungle_book, layout_loops_ring, wad_woods_road_01,
          small_statue_intersection, grunt_forest_small_clearings,
          nicolae_lair_grove_arrangements, serial_bayou_lagoon_a, uniq_josephine
Swamp:1:  layout_basic_swamp, nicolae_swamp_fairy_circle, swamp_pool1,
          uniq_mlioglotl
Swamp:2:  layout_basic_swamp, ebering_ghost_xom, basic_altar
Swamp:3:  layout_basic_swamp, hangedman_swamp_ruin_hall, swamp_pool1,
          st_swamp_ruins_2, infiniplex_staircase_pool_2, uniq_kirke
Swamp:4:  swamp_vile, layout_basic_swamp, swamp_pool1
Spider:1: layout_spider_delve, hangedman_spider_tarantella_strand
Spider:2: layout_cave_pods
Spider:3: nicolae_spider_hilbert_zone_4 [nicolae_spider_hilbert_4_sides_2_open,
          nicolae_spider_hilbert_4_sides_1_open,
          nicolae_spider_hilbert_4_sides_1_open,
          nicolae_spider_hilbert_4_sides_1_open,
          nicolae_spider_hilbert_4_sides_1_open,
          nicolae_spider_hilbert_2_sides_1_open,
          nicolae_spider_hilbert_2_sides_1_open,
          nicolae_spider_hilbert_2_sides_1_open,
          nicolae_spider_hilbert_2_sides_1_open,
          nicolae_spider_hilbert_6_sides_1_open,
          nicolae_spider_hilbert_6_sides_1_open,
          nicolae_spider_hilbert_3_sides_1_open,
          nicolae_spider_hilbert_3_sides_1_open], uniq_louise, uniq_arachne
Spider:4: floodkiller_spider_rune_tomb, uniq_nikola
Slime:1:  layout_caves
Slime:2:  layout_caves
Slime:3:  layout_caves
Slime:4:  layout_caves, nicolae_slime_barrier
Slime:5
Orc:1:    layout_caves, serial_shops, shop, nicolae_shop_bloodbath_and_beyond
Orc:2:    st_orc_open, layout_caves, gammafunk_ghost_necromancy, serial_shops,
          nicolae_square_shop, basic_altar, uniq_donald, uniq_rupert,
          uniq_maurice
Elf:1:    eino_elf_arrival_customs, layout_geoelf_octagon,
          kennysheep_underground_church, minivault_8, grunt_megastairs_3
Elf:2:    elven_hall_of_blades_hangedman_original
          [nicolae_blade_entry_hurt_lockers], layout_geoelf_octagon,
          lemuel_upstairs_altar
Elf:3:    minmay_elf_hall_spiked, layout_rooms, serial_shops,
          nicolae_shop_hallway_plus
Vaults:1: nicolae_vaults_network_barrier, st_squares, nicolae_vaults_theta,
          vaults_room_large_hall, ontoclasm_vaults_ring_square,
          dpeg_vaults_monster_box, nicolae_vaults_yaktaur_gun_rack,
          nicolae_vaults_little_ls, nicolae_vaults_little_squares_6,
          layout_vaults_omnicross
Vaults:2: v_misc_10, v_misc_31, vaults_room_glass_cross, v_misc_5,
          hangedman_vaults_cutoff, v_misc_17, blue_anna_dwarven_crypt,
          nicolae_vaults_border_crossing, nicolae_vaults_network_quinsquares
          [nicolae_vaults_network_quincunx_subvault,
          nicolae_vaults_network_quincunx_subvault,
          nicolae_vaults_network_quincunx_subvault,
          nicolae_vaults_network_quincunx_subvault], ontoclasm_vaults_hangar,
          layout_vaults_omnigrid
Vaults:3: v_misc_13, v_pattern_4, v_misc_22, v_alt_pattern_6, v_misc_27,
          nicolae_vaults_theta, st_eye, nicolae_vaults_mini_display_case,
          v_misc_30, vaults_dpeg_spiral, v_misc_10, layout_vaults_big_room
Vaults:4: vaults_room_door_ring, v_misc_17, ontoclasm_vaults_shuriken,
          ontoclasm_vaults_twist, st_star, vaults_room_door_hall,
          grunt_vaults_twisty, v_misc_12, layout_vaults_ring, serial_shops,
          shop, shop_statue
Crypt:1:  layout_misc_corridors, st_stairs_6, grunt_ministairs_5,
          small_chamber_with_monster
Crypt:2:  layout_basic
Crypt:3:  lightli_unholy_cathedral, layout_chaotic_city,
          tomb_entry_simple_bobbens, st_stairs_5, uniq_bai_suzhen, uniq_xtahua,
          uniq_margery, uniq_mara
Depths:1: layout_gridlike, grunt_mini_vestibule, kennysheep_flooded_box,
          drop_trap, kennysheep_path_1, minivault_11, minmay_misc_feat_doors,
          hangedman_abyss_or_decor_jellyfish_corner, tgw_lugonu_bribe
Depths:2: minmay_the_grid_ultimate [minmay_the_grid_prize_big_room,
          minmay_the_grid_prize_shrinking_boxes,
          minmay_the_grid_prize_four_corners, minmay_the_grid_prize_trominoes,
          minmay_the_grid_square_5x5_fancy_junction,
          minmay_the_grid_square_5x5_inverted_slash,
          minmay_the_grid_square_5x5_forky,
          minmay_the_grid_square_5x5_spiral_small,
          minmay_the_grid_square_5x5_sharp_hourglass,
          minmay_the_grid_square_5x5_n_small,
          minmay_the_grid_square_5x5_longway, minmay_the_grid_square_5x5_three,
          minmay_the_grid_square_5x5_bridge,
          minmay_the_grid_square_5x5_hollow_slash,
          minmay_the_grid_square_5x5_tri_point,
          minmay_the_grid_square_5x5_dogpile, minmay_the_grid_square_5x5_inset,
          minmay_the_grid_square_5x5_spiral, minmay_the_grid_square_5x5_minibox,
          minmay_the_grid_triangle_9x9_descending_squares,
          minmay_the_grid_triangle_9x9_semitri,
          minmay_the_grid_triangle_9x9_negative_grid,
          minmay_the_grid_triangle_9x9_zippers_horizontal,
          minmay_the_grid_triangle_9x9_cache,
          minmay_the_grid_triangle_9x9_wacky_v,
          minmay_the_grid_triangle_9x9_odd_lines,
          minmay_the_grid_triangle_9x9_subtriangle,
          minmay_the_grid_triangle_9x9_empty,
          minmay_the_grid_triangle_9x9_pentomino_pain,
          minmay_the_grid_triangle_9x9_steps,
          minmay_the_grid_triangle_9x9_checkered,
          minmay_the_grid_triangle_9x9_corruption,
          minmay_the_grid_triangle_9x9_minimal,
          minmay_the_grid_triangle_9x9_warning,
          minmay_the_grid_triangle_9x9_shrine, minmay_the_grid_square_5x5_z,
          minmay_the_grid_octo_shrine, minmay_the_grid_octo_thin_diamonds,
          minmay_the_grid_octo_pinwheel, minmay_the_grid_octo_clover_2,
          minmay_the_grid_octo_77, minmay_the_grid_octo_vomiting_pacman,
          minmay_the_grid_octo_odd_swirl, minmay_the_grid_octo_concentric,
          minmay_the_grid_minigrid_large, minmay_the_grid_box_x,
          minmay_the_grid_aliased_spiral, minmay_the_grid_outer_diamond],
          hell_entry, pan_entry
Depths:3: hangedman_cross_stitches, layout_honeycomb, enter_ziggurat_a,
          abyss_entry, nicolae_elyvilon_peaceful_grove,
          hangedman_tar_grid_catacomb, minmay_door_square, minivault_14,
          cheibrodos_ashenzari_chains, firewood_loft, uniq_saint_roka
Depths:4: grunt_zot_entry_alcove, layout_twisted_cross,
          pf_vacation_house_of_asmodeus, special_room
          [special_room_mythical_zoo], gammafunk_ghost_wrathful_warriors,
          nicolae_wwwww
Hell
Zot:1:    layout_concentric_octagons
Zot:2:    layout_basic
Zot:3:    layout_cathedral_of_symmetry, grunt_megastairs_5
Zot:4:    layout_gridlike
Zot:5:    layout_basic

Skill      XL: |  1  2  3  4  5  6  7  8  9 10 11 12 13 14 15 16 17 18 19 20 21 22 23 24 25 26 |
---------------+-------------------------------------------------------------------------------+-----
Axes           | 4 5 6 7 8 9 11 12 14 15 16 18 19 20 21 22 23 25 26 | 26.1
Fighting       | 4 5 6 7 8 9 10 11 12 13 14 15 16 17 18 19 20 21 22 23 24 | 24.9
Armour         | 3 4 5 6 7 8 9 10 11 12 13 14 15 16 17 18 19 20 21 22 24 26 | 26.3
Dodging        | 3 4 5 6 7 8 9 10 11 12 13 14 15 16 17 18 19 20 21 22 | 22.9
Bows           | 4 6 9 11 12 14 15 16 18 19 20 21 22 | 22.0
Invocations    | 2 9 13 17 19 21 | 21.8

Action                   |  1- 3 |  4- 6 |  7- 9 | 10-12 | 13-15 | 16-18 | 19-21 | 22-24 | 25-27 || total
-------------------------+-------+-------+-------+-------+-------+-------+-------+-------+-------++-------
Melee: Hand axe          |    82 |   172 |    60 |    51 |    18 |       |       |       |       ||   383
       Headbutt          |    12 |    42 |    38 |    76 |   157 |   221 |   313 |   526 |   285 ||  1670
       Battleaxe         |       |       |   111 |   339 |   673 |   958 |   881 |   635 |   511 ||  4108
       Punch             |       |       |     1 |       |       |       |       |       |       ||     1
       War axe           |       |       |    41 |    49 |       |       |       |       |       ||    90
       Unarmed           |       |       |     2 |       |       |       |       |       |     7 ||     9
       Halberd           |       |       |       |    14 |       |       |       |       |       ||    14
       Executioner's axe |       |       |       |       |       |       |   307 |   737 |   180 ||  1224
       Broad axe         |       |       |       |       |       |       |       |    12 |       ||    12
 Fire: Shortbow          |       |       |    40 |   212 |   485 |   626 |   199 |   143 |   210 ||  1915
       Longbow           |       |       |       |       |       |       |       |       |   217 ||   217
Throw: Throwing net      |       |       |       |       |       |       |     1 |       |       ||     1
Invok: Berserk           |     1 |     6 |     6 |     7 |    16 |     5 |     2 |       |       ||    43
       Trog's Hand       |       |       |       |     1 |       |     2 |       |       |       ||     3
       Brothers in Arms  |       |       |       |     1 |     2 |     5 |       |       |       ||     8
       Cleansing Flame   |       |       |       |       |       |       |       |     5 |     5 ||    10
       Summon Divine War |       |       |       |       |       |       |       |     1 |     2 ||     3
       Brand Weapon With |       |       |       |       |       |       |       |     1 |       ||     1
Evoke: Wand              |       |       |       |     2 |     2 |     9 |       |     2 |     1 ||    16
       Tin of tremorston |       |       |       |       |     2 |       |       |       |       ||     2
       Box of beasts     |       |       |       |       |       |     1 |       |       |       ||     1
  Use: Scroll            |       |     7 |    11 |     6 |    12 |    13 |     8 |    15 |    16 ||    88
       Potion            |       |     1 |       |     2 |     4 |     2 |       |     8 |    18 ||    35
 Stab: Sleeping          |       |       |       |       |     1 |     4 |    12 |       |       ||    17
       Distracted        |       |       |       |       |     1 |     4 |       |       |       ||     5
Armor: Ring mail         |    29 |       |       |       |       |       |       |       |       ||    29
       Animal skin       |     1 |       |       |       |       |       |       |       |       ||     1
       Chain mail        |       |    86 |    59 |       |       |       |       |       |       ||   145
       Plate armour      |       |       |    37 |   311 |   189 |       |   216 |   750 |   151 ||  1654
       Shadow dragon sca |       |       |       |       |   193 |   525 |   368 |       |       ||  1086
       Storm dragon scal |       |       |       |       |       |       |       |       |   448 ||   448
Dodge: Dodged            |    48 |    58 |    76 |   250 |   386 |   513 |   704 |   921 |   505 ||  3461
       Repelled          |       |       |       |       |       |       |     4 |    18 |     2 ||    24
